[Event "Titled Tuesday Blitz January 04 2022"]
[White "Jary, Sergey"]
[Black "Drozdowski, Kacper"]
[WhiteFideId "14110350"]
[BlackFideId "1136720"]
[WhiteElo "2260"]
[BlackElo "2507"]
[Result "0-1"]
[Round "10"]
[TimeControl "180+1"]
[Date "2022.01.04"]
[WhiteClock "0:00:14"]
[BlackClock "0:00:20"]

1. e4 c5 2. Nf3 e6 3. c4 Nc6 4. Nc3 e5 5. Nd5 g6 6. d3 Bg7 7. Be2 d6 8. O-O Nge7 9. Bg5 h6 10. Bf6 Bxf6 11. Nxf6+ Kf8 12. Nd5 Nxd5 13. cxd5 Ne7 14. Qd2 Kg7 15. b4 b6 16. bxc5 bxc5 17. Rab1 Ba6 18. Rb3 Rb8 19. Rfb1 Rxb3 20. Rxb3 Qc7 21. Qb2 Kh7 22. h3 Ra8 23. Nd2 Nc8 24. Bg4 Nb6 25. Ra3 Bb7 26. h4 h5 27. Bh3 Bc8 28. Bxc8 Rxc8 29. Qb5 Rb8 30. Qa6 Qb7 31. Qxb7 Rxb7 32. Ra6 Kg7 33. f3 Kf8 34. a4 Ke7 35. Kf2 Kd7 36. g3 Nc8 37. Nc4 Rb3 38. Ke3 Rb1 39. a5 f5 40. f4 exf4+ 41. Kxf4 fxe4 42. dxe4 Rc1 43. Nd2 c4 44. Rc6 c3 45. Nb3 Rc2 46. Nd4 Rd2 47. Ke3 Ra2 48. Rxc3 Rxa5 49. Ne6 Ne7 50. Rc7+ Ke8 51. Rb7 Ra3+ 52. Kf4 Nc8 53. Rc7 Nb6 54. Rg7 Nc4 55. Rxg6 Ne5 56. Nd4 Nxg6+ 57. Kg5 Ne5 58. Kf4 Kd7 59. Nf5 a5 60. Ng7 a4 61. Nxh5 Rf3+ 62. Kg5 a3 63. Nf6+ Rxf6 64. Kxf6 a2 65. h5 a1=Q 66. g4 Nxg4+ 67. Kg5 Nf2 68. h6 Qh8 69. Kg6 Nxe4 70. h7 Qf6+ 71. Kh5 Qg5# 0-1


[Site "https://www.chess.com"]

[Event "Titled Tuesday Blitz January 04 2022"]
[White "Jobava, Baadur"]
[Black "Bodnar, Nikolay"]
[WhiteFideId "13601520"]
[BlackFideId "14106469"]
[WhiteElo "2617"]
[BlackElo "2296"]
[Result "1-0"]
[Round "10"]
[TimeControl "180+1"]
[Date "2022.01.04"]
[WhiteClock "0:02:05"]
[BlackClock "0:00:38"]

1. b3 Nf6 2. Bb2 e6 3. g3 d5 4. Bg2 c5 5. Nf3 Nc6 6. O-O Be7 7. c4 d4 8. e3 e5 9. exd4 exd4 10. Re1 O-O 11. d3 h6 12. a3 a5 13. Nbd2 Bf5 14. Qc2 Re8 15. Re2 Bf8 16. Rae1 Rxe2 17. Rxe2 Qd6 18. Bc1 Bh7 19. Ne1 Re8 20. Rxe8 Nxe8 21. Ne4 Qe7 22. Qd1 Nf6 23. Nxf6+ Qxf6 24. f4 Bd6 25. Qe2 Qe7 26. Qxe7 Bxe7 27. Bd2 h5 28. Bxc6 bxc6 29. Bxa5 Bf5 30. Bb6 Bg4 31. Ba5 Bd1 32. b4 cxb4 33. axb4 g5 34. fxg5 Bxg5 35. b5 cxb5 36. cxb5 Ba4 37. b6 Bc6 38. Nc2 Bf6 39. Bb4 Be5 40. Bc5 Bb5 41. Bxd4 Bd6 42. Ne1 Bc6 43. Kf2 Kf8 44. Ke3 Ke7 45. Nf3 Ke6 46. Ng5+ Ke7 47. Ne4 Bb8 48. Nf6 Ke6 49. Nxh5 Kf5 50. Nf6 Bd6 51. g4+ Kg5 52. Ne4+ Bxe4 53. dxe4 Kxg4 54. e5 Bb8 55. Ke4 Kg5 56. h4+ Kxh4 57. Bc5 Kg5 58. Bd6 1-0


[Site "https://www.chess.com"]

[Event "Titled Tuesday Blitz January 04 2022"]
[White "Kamsky, Gata"]
[Black "Kosakowski, Jakub"]
[WhiteFideId "2000024"]
[BlackFideId "1185080"]
[WhiteElo "2645"]
[BlackElo "2476"]
[Result "1/2-1/2"]
[Round "10"]
[TimeControl "180+1"]
[Date "2022.01.04"]
[WhiteClock "0:00:47"]
[BlackClock "0:01:15"]

1. d4 f5 2. g3 Nf6 3. Bg2 g6 4. c3 Bg7 5. h4 d6 6. Nh3 e5 7. dxe5 dxe5 8. Qxd8+ Kxd8 9. e4 Nxe4 10. Bxe4 fxe4 11. Ng5 Ke7 12. Nxe4 h6 13. Be3 Bf5 14. Nbd2 b6 15. f3 Nd7 16. g4 Be6 17. O-O-O Rhf8 18. b3 Rad8 19. Rde1 Bd5 20. Rhf1 Rf7 21. h5 gxh5 22. gxh5 Rdf8 23. Rg1 Kd8 24. Rxg7 Rxg7 25. Bxh6 Rfg8 26. Bxg7 Rxg7 27. h6 Rh7 28. Rh1 Ke7 29. Ng5 Rh8 30. Nde4 Nf8 31. h7 Bxe4 32. fxe4 Kf6 33. Nf3 Rxh7 34. Rf1 Ne6 35. Nd4+ Nf4 36. Ne2 Kg5 37. Rg1+ Kf6 38. Rf1 Kg5 39. Rg1+ Kf6 40. Rf1 1/2-1/2


[Site "https://www.chess.com"]

[Event "Titled Tuesday Blitz January 04 2022"]
[White "Kravtsiv, Martyn"]
[Black "Howell, David W L"]
[WhiteFideId "14113147"]
[BlackFideId "410608"]
[WhiteElo "2694"]
[BlackElo "2559"]
[Result "0-1"]
[Round "10"]
[TimeControl "180+1"]
[Date "2022.01.04"]
[WhiteClock "0:00:24"]
[BlackClock "0:00:05"]

1. e4 c5 2. Nf3 Nc6 3. d4 cxd4 4. Nxd4 Nf6 5. Nc3 e6 6. Ndb5 Bb4 7. a3 Bxc3+ 8. Nxc3 d5 9. exd5 exd5 10. Bd3 O-O 11. O-O d4 12. Ne2 Bg4 13. h3 Bh5 14. Qd2 Bg6 15. Bxg6 hxg6 16. Rd1 Re8 17. Ng3 Ne4 18. Nxe4 Rxe4 19. Qd3 Qd5 20. c4 Qe6 21. Bd2 a5 22. Re1 Rxe1+ 23. Rxe1 Qd6 24. Qe4 a4 25. Qd5 Qc7 26. h4 Qb6 27. Qb5 Qc7 28. Qd5 Qb6 29. Qb5 Qc7 30. g3 Qd7 31. Qd5 Qg4 32. Bg5 Rc8 33. Kg2 Qf5 34. Re4 d3 35. Qxd3 Ne5 36. Qe2 Nxc4 37. Re8+ Rxe8 38. Qxe8+ Kh7 39. Qxa4 Qd5+ 40. Kg1 Nxb2 41. Qc2 Nc4 42. a4 Ne5 43. Be3 Nf3+ 44. Kf1 Ne5 45. Ke2 Nc4 46. Qd3 Qc6 47. Bd4 Qxa4 48. h5 Qe8+ 49. Kf1 Qc6 50. hxg6+ fxg6 51. Bc3 b5 52. Bd4 Qd5 53. Bc3 Qxd3+ 0-1


[Site "https://www.chess.com"]

[Event "Titled Tuesday Blitz January 04 2022"]
[White "Lorparizangeneh, Shahin"]
[Black "Sanal, Vahap"]
[WhiteFideId "12521604"]
[BlackFideId "6300545"]
[WhiteElo "2525"]
[BlackElo "2603"]
[Result "0-1"]
[Round "10"]
[TimeControl "180+1"]
[Date "2022.01.04"]
[WhiteClock "0:00:06"]
[BlackClock "0:00:09"]

1. e4 e5 2. Nf3 Nc6 3. Bb5 Nf6 4. d3 Bc5 5. Bxc6 dxc6 6. Nbd2 Nd7 7. O-O O-O 8. c3 Bd6 9. d4 exd4 10. cxd4 Re8 11. Re1 Bf8 12. b3 Nf6 13. Bb2 Bg4 14. h3 Bh5 15. Qc2 Nd7 16. Re3 Bg6 17. Nc4 f6 18. Nh4 Bf7 19. Rd1 Nb6 20. Nf5 Bg6 21. g4 Bf7 22. a4 a5 23. Nxb6 cxb6 24. e5 Bd5 25. Rde1 fxe5 26. dxe5 Qd7 27. Nd4 c5 28. e6 Qc8 29. e7 cxd4 30. exf8=Q+ Rxf8 31. Qxc8 Raxc8 32. Bxd4 Rc6 33. Re7 Rg6 34. R1e3 h5 35. Rg3 Rc8 36. Re1 hxg4 37. Rxg4 Rcc6 38. Re7 Rcd6 39. Rxg7+ Rxg7 40. Rxg7+ Kf8 41. Be5 Rc6 42. Kh2 Re6 43. Rg5 Bxb3 44. Bd4 Bxa4 45. Rg7 Rd6 46. Rg4 Bd7 47. Rf4+ Ke8 48. Be5 Rd5 49. Bc7 a4 50. Bxb6 a3 51. Rf3 a2 52. Ra3 Rb5 53. Be3 Be6 54. Bd4 Rd5 55. Bf6 Rf5 56. Bd4 Rf4 57. Be3 Rb4 58. Kg3 Kf7 59. h4 Rg4+ 60. Kf3 Rxh4 61. Ke2 Rh1 62. Bd4 b5 63. Ke3 b4 64. Ra7+ Ke8 65. Ra8+ Kf7 66. Ra7+ Kg6 67. Ra6 Re1+ 68. Kd2 Re4 69. Bc5 b3 70. Kc3 Kf5 71. Be3 Rc4+ 72. Kb2 Rc2+ 73. Ka1 b2# 0-1


[Site "https://www.chess.com"]

[Event "Titled Tuesday Blitz January 04 2022"]
[White "Migot, Tangi"]
[Black "Gunina, Valentina"]
[WhiteFideId "662445"]
[BlackFideId "4167570"]
[WhiteElo "2541"]
[BlackElo "2465"]
[Result "0-1"]
[Round "10"]
[TimeControl "180+1"]
[Date "2022.01.04"]
[WhiteClock "0:00:19"]
[BlackClock "0:00:57"]

1. e4 c6 2. Nc3 d5 3. d4 dxe4 4. Nxe4 Nf6 5. Nxf6+ exf6 6. Nf3 Bd6 7. g3 O-O 8. Bg2 Bg4 9. O-O Nd7 10. Be3 Re8 11. Qd2 Nf8 12. c4 Qd7 13. Rfe1 Rad8 14. d5 cxd5 15. Qxd5 Qc7 16. Qb5 Ne6 17. Bxa7 Rc8 18. b3 h5 19. Nd4 Be5 20. Nxe6 Rxe6 21. Bxb7 Bxa1 22. Rxe6 fxe6 23. Bxc8 Qxc8 24. c5 Bf3 25. Qd3 Qc6 26. a4 Bh1 27. f3 Bxf3 28. Kf2 Bh1 29. b4 Qg2+ 30. Ke1 Qg1+ 31. Kd2 Qxh2+ 32. Kc1 Qb2+ 33. Kd1 Qxb4 34. Qb5 Bf3+ 35. Kc2 Qc3+ 36. Kb1 Be4+ 37. Ka2 Bd5+ 38. Kb1 Kh7 39. Bb6 Bc4 40. Ba5 Qd3+ 0-1


[Site "https://www.chess.com"]

[Event "Titled Tuesday Blitz January 04 2022"]
[White "Moskalenko, Alexander"]
[Black "Hakobyan, Aram"]
[WhiteFideId "4155351"]
[BlackFideId "13306677"]
[WhiteElo "2515"]
[BlackElo "2557"]
[Result "0-1"]
[Round "10"]
[TimeControl "180+1"]
[Date "2022.01.04"]
[WhiteClock "0:00:57"]
[BlackClock "0:00:27"]

1. e4 e5 2. Bc4 Nf6 3. d3 Nc6 4. Nc3 Bc5 5. f4 d6 6. Nf3 a6 7. f5 Na5 8. Bg5 Nxc4 9. dxc4 h6 10. Bh4 c6 11. Qd3 b5 12. O-O-O Qa5 13. Bxf6 gxf6 14. Nd2 Ke7 15. Nb3 Qb6 16. a4 bxc4 17. Qxc4 Be3+ 18. Kb1 a5 19. Qd3 Rd8 20. Rhe1 Bf2 21. Nd2 Ba6 22. Qf3 Rab8 23. Nb3 Bxe1 24. Rxe1 Bc4 25. Re3 d5 26. exd5 cxd5 27. Qg3 Bxb3 28. cxb3 Qxb3 29. Nb5 Qd1+ 30. Ka2 Qxa4+ 31. Na3 Qd4 32. Rc3 Rdc8 0-1


[Site "https://www.chess.com"]

[Event "Titled Tuesday Blitz January 04 2022"]
[White "Murzin, Volodar"]
[Black "Solon, Nathan"]
[WhiteFideId "44155573"]
[BlackFideId "2017229"]
[WhiteElo "2585"]
[BlackElo "2581"]
[Result "1-0"]
[Round "10"]
[TimeControl "180+1"]
[Date "2022.01.04"]
[WhiteClock "0:00:06"]
[BlackClock "0:00:02"]

1. e4 c5 2. Nf3 d6 3. Bb5+ Nd7 4. c3 Nf6 5. Qe2 g6 6. O-O Bg7 7. d4 O-O 8. Rd1 a6 9. Ba4 b5 10. Bc2 Bb7 11. a4 Qb6 12. Na3 c4 13. d5 Nc5 14. Be3 Rfc8 15. Nd4 Nfxe4 16. Bxe4 Nxe4 17. Ne6 Nc5 18. a5 Qa7 19. Nxg7 Kxg7 20. Nc2 Rc7 21. Bd4+ Kg8 22. Nb4 Re8 23. Qe3 Qa8 24. Qh6 f6 25. Re1 Bxd5 26. Bxf6 exf6 27. Nxd5 Rf7 28. Rxe8+ Qxe8 29. Ne3 Nd3 30. Rd1 Re7 31. b3 d5 32. bxc4 dxc4 33. Qh4 Qc6 34. Qd4 Rd7 35. Qh4 Kg7 36. h3 Qd6 37. Qg4 Qc6 38. Nf5+ Kh8 39. Nd4 Qd5 40. Rd2 Ne5 41. Qd1 Nd3 42. Re2 Kg7 43. Qd2 Qd6 44. Re6 Qc5 45. Qe3 Rf7 46. f4 Qd5 47. Rxa6 b4 48. cxb4 Nxb4 49. Rb6 Nd3 50. Ne6+ Kh6 51. f5+ g5 52. Nxg5 Re7 53. Ne6+ Kh5 54. Kh2 Qxf5 55. g4+ Qxg4 56. hxg4+ Kxg4 57. Qg3+ Kf5 58. Nd4+ Ke4 59. Nf3 Nf4 60. Rxf6 Nd5 61. Rd6 Ne3 62. Rd4+ Kf5 63. Qg5+ Ke6 64. Qxe3+ Kf7 65. Qf4+ 1-0


[Site "https://www.chess.com"]

[Event "Titled Tuesday Blitz January 04 2022"]
[White "Nepomniachtchi, Ian"]
[Black "Zhigalko, Sergei"]
[WhiteFideId "4168119"]
[BlackFideId "13502956"]
[WhiteElo "2740"]
[BlackElo "2662"]
[Result "1-0"]
[Round "10"]
[TimeControl "180+1"]
[Date "2022.01.04"]
[WhiteClock "0:01:22"]
[BlackClock "0:00:01"]

1. e4 c5 2. Nf3 Nc6 3. Bb5 Nf6 4. Nc3 Qc7 5. O-O Nd4 6. Re1 a6 7. Bf1 Ng4 8. e5 h5 9. h3 Nxf3+ 10. Qxf3 Nxe5 11. Qg3 d6 12. b4 h4 13. Qe3 b6 14. Nd5 Qc6 15. c4 e6 16. Bb2 exd5 17. Bxe5 dxe5 18. Qxe5+ Kd8 19. cxd5 Qd7 20. bxc5 bxc5 21. Rab1 Rh6 22. Be2 Bd6 23. Qc3 Qf5 24. Bg4 Qf4 25. Qa5+ Bc7 26. Qxc5 Bd6 27. Qc6 Qh2+ 28. Kf1 Qh1+ 29. Ke2 Qxg2 30. Kd3 Bxg4 31. Re8# 1-0


[Site "https://www.chess.com"]

[Event "Titled Tuesday Blitz January 04 2022"]
[White "Nesterov, Arseniy"]
[Black "Tristan, Leonardo"]
[WhiteFideId "24198455"]
[BlackFideId "113816"]
[WhiteElo "2489"]
[BlackElo "2404"]
[Result "1-0"]
[Round "10"]
[TimeControl "180+1"]
[Date "2022.01.04"]
[WhiteClock "0:00:07"]
[BlackClock "0:00:04"]

1. d4 d5 2. c4 e6 3. Nc3 a6 4. cxd5 exd5 5. Qb3 c5 6. Nxd5 Nc6 7. Nb6 Nxd4 8. Qa4+ Bd7 9. Qxd7+ Qxd7 10. Nxd7 Kxd7 11. Kd1 Nf6 12. e3 Nc6 13. a3 Kc7 14. Kc2 Be7 15. Bd2 b5 16. g3 Rhe8 17. Bg2 c4 18. Ne2 Bc5 19. Bc3 Ng4 20. Raf1 Bxe3 21. Bxc6 Kxc6 22. fxe3 Nxe3+ 23. Kd2 Rad8+ 24. Nd4+ Kc5 25. Rxf7 a5 26. Re1 Nd5 27. Rxe8 Rxe8 28. Nc2 b4 29. axb4+ axb4 30. Bd4+ Kb5 31. Rf5 Kc6 32. Ne3 Nc7 33. Rc5+ Kb7 34. Nxc4 Rd8 35. Ke3 Ne6 36. Na5+ Ka6 37. Rc6+ Kxa5 38. Rxe6 g6 39. b3 Rc8 40. Kd3 Rc1 41. Re5+ Ka6 42. Bc5 Rd1+ 43. Kc4 Rd2 44. h4 Rg2 45. Re3 Kb7 46. Kb5 Rb2 47. Bxb4 Rg2 48. Bc5 Kc8 49. b4 Rc2 50. Kc6 Ra2 51. Re8# 1-0


[Site "https://www.chess.com"]

[Event "Titled Tuesday Blitz January 04 2022"]
[White "Padmini, Rout"]
[Black "Maly, Alexey"]
[WhiteFideId "5029295"]
[BlackFideId "14103184"]
[WhiteElo "2181"]
[BlackElo "2266"]
[Result "0-1"]
[Round "10"]
[TimeControl "180+1"]
[Date "2022.01.04"]
[WhiteClock "0:01:04"]
[BlackClock "0:01:57"]

1. e4 c6 2. Nc3 d5 3. Nf3 Bg4 4. h3 Bxf3 5. Qxf3 dxe4 6. Nxe4 Nd7 7. Bc4 Ngf6 8. Nxf6+ Nxf6 9. O-O g6 10. b3 Bg7 11. Bb2 O-O 12. Rad1 Nd5 13. Bxg7 Kxg7 14. a4 a5 15. Rfe1 e6 16. g3 Qf6 17. Kg2 Qxf3+ 18. Kxf3 Kf6 19. h4 h5 20. Bf1 Rfb8 21. c4 Nb4 22. d4 Rd8 23. Re2 Rd7 24. Red2 Rad8 25. Ke3 Ke7 26. Be2 b6 27. Bf3 c5 28. dxc5 bxc5 29. Rxd7+ Rxd7 30. Rxd7+ Kxd7 31. Kd2 Kd6 32. g4 hxg4 33. Bxg4 Ke5 34. h5 gxh5 35. Bxh5 f5 36. Bf3 Kd4 37. Bb7 e5 38. f3 e4 39. fxe4 fxe4 40. Ba8 e3+ 41. Ke2 Na2 42. Kd1 Kd3 43. Bf3 Nc3+ 44. Ke1 Kc2 0-1


[Site "https://www.chess.com"]

[Event "Titled Tuesday Blitz January 04 2022"]
[White "Papp, Levente"]
[Black "Moroni, Luca Jr"]
[WhiteFideId "751243"]
[BlackFideId "865834"]
[WhiteElo "2308"]
[BlackElo "2573"]
[Result "0-1"]
[Round "10"]
[TimeControl "180+1"]
[Date "2022.01.04"]
[WhiteClock "0:00:03"]
[BlackClock "0:01:00"]

1. c4 g6 2. g3 Bg7 3. Bg2 d6 4. Nc3 Nc6 5. e3 h5 6. h3 Be6 7. d4 Bd7 8. Nge2 Qc8 9. Rb1 Nf6 10. b4 O-O 11. b5 Na5 12. Qa4 b6 13. Bxa8 Qxa8 14. d5 a6 15. e4 axb5 16. cxb5 e6 17. O-O exd5 18. exd5 Nxd5 19. Nxd5 Qxd5 20. Nf4 Qa8 21. Bb2 Be5 22. Rfe1 Re8 23. Qc2 Bf5 24. Qxc7 Bxb1 25. Bxe5 dxe5 26. Rxe5 Rxe5 27. Qxe5 Nc4 28. Qg5 Nd2 29. Qf6 Nf3+ 30. Kf1 Bxa2 31. Qc3 Bc4+ 32. Kg2 Bxb5 33. g4 h4 0-1


[Site "https://www.chess.com"]

[Event "Titled Tuesday Blitz January 04 2022"]
[White "Pelopidass"]
[Black "Sychev, Klementy"]
[BlackFideId "4114060"]
[WhiteElo "2623"]
[BlackElo "2564"]
[Result "1/2-1/2"]
[Round "10"]
[TimeControl "180+1"]
[Date "2022.01.04"]
[WhiteClock "0:00:05"]
[BlackClock "0:00:07"]

1. d4 d5 2. Nf3 Nf6 3. c4 c6 4. e3 Bg4 5. h3 Bxf3 6. Qxf3 e6 7. Nc3 Bb4 8. Bd2 Nbd7 9. Bd3 O-O 10. O-O Qe7 11. a3 Bd6 12. e4 e5 13. exd5 exd4 14. Ne4 cxd5 15. Nxd6 Qxd6 16. Bb4 Nc5 17. cxd5 Rac8 18. Rac1 Nxd5 19. Bf5 Rc7 20. Rfd1 Nxb4 21. axb4 Na4 22. Rxc7 Qxc7 23. Rxd4 Nxb2 24. Rd7 Qc1+ 25. Kh2 Nc4 26. Rd1 Qg5 27. Bxh7+ Kxh7 28. Qe4+ Kg8 29. Qxc4 Qe5+ 30. Kg1 Re8 31. g3 Qe4 32. Qb3 a6 33. Rd7 Re6 34. Rd8+ Kh7 35. Rd5 Rc6 36. Rd1 Qf5 37. Qe3 Rc2 38. h4 f6 39. Kg2 Rc4 40. Rd4 Rc2 41. Rf4 Qd5+ 42. Qf3 Rd2 43. Qxd5 Rxd5 44. Re4 Kg6 45. Re7 Rb5 46. Re4 Kf5 47. Rc4 Ke6 48. Rg4 Kf7 49. Re4 b6 50. Rc4 Kg6 51. Kf3 Rf5+ 52. Kg4 Rd5 53. f4 a5 54. bxa5 bxa5 55. Rc6 Rb5 56. Ra6 Rc5 57. Ra7 Rb5 58. Ra6 Rc5 59. Ra7 f5+ 60. Kh3 Rb5 61. h5+ Kh6 62. Kh4 Rb1 63. Ra6+ Kh7 64. Kg5 Rg1 65. Kxf5 Rxg3 66. Rxa5 Rh3 67. Kg4 Rh1 68. Ra7 Rg1+ 69. Kf5 Kh6 70. Ra8 Kh7 71. Ra7 Rh1 72. Kg4 Rg1+ 73. Kf5 1/2-1/2


[Site "https://www.chess.com"]

[Event "Titled Tuesday Blitz January 04 2022"]
[White "Pichot, Alan"]
[Black "Nakamura, Hikaru"]
[WhiteFideId "110973"]
[BlackFideId "2016192"]
[WhiteElo "2543"]
[BlackElo "2850"]
[Result "0-1"]
[Round "10"]
[TimeControl "180+1"]
[Date "2022.01.04"]
[WhiteClock "0:00:03"]
[BlackClock "0:00:41"]

1. e4 e5 2. Nf3 Nc6 3. Bb5 Nf6 4. d3 Bc5 5. c3 d5 6. exd5 Qxd5 7. Bc4 Qd6 8. b4 Bb6 9. Nbd2 Bf5 10. Qe2 O-O-O 11. a4 e4 12. dxe4 Nxe4 13. Nxe4 Bxe4 14. O-O Bxf3 15. Qxf3 a5 16. bxa5 Nxa5 17. Bb5 Qd5 18. Qh3+ Kb8 19. Bf4 g5 20. Be3 Bxe3 21. fxe3 Qe5 22. Rxf7 Qxc3 23. Raf1 Rd2 24. Rxh7 Rxh7 25. Qxh7 Qxe3+ 26. Kh1 c6 27. Rf8+ Ka7 28. Bf1 Rd1 29. Qh8 Kb6 30. Qb2+ Ka7 31. Qh8 Qc1 32. Qf6 Nb3 33. Qf2+ c5 34. h3 Nd2 0-1


[Site "https://www.chess.com"]

[Event "Titled Tuesday Blitz January 04 2022"]
[White "Piesik, Piotr"]
[Black "Ingebretsen, Jens E"]
[WhiteFideId "1136194"]
[BlackFideId "1522965"]
[WhiteElo "2232"]
[BlackElo "2072"]
[Result "1-0"]
[Round "10"]
[TimeControl "180+1"]
[Date "2022.01.04"]
[WhiteClock "0:00:03"]
[BlackClock "0:00:01"]

1. Nf3 Nf6 2. g3 g6 3. Bg2 Bg7 4. O-O O-O 5. d4 d5 6. c4 c6 7. Nc3 e6 8. Qb3 b6 9. Rd1 Ba6 10. Nd2 Nbd7 11. e4 Rc8 12. e5 Ne8 13. cxd5 cxd5 14. f4 f6 15. Nf3 fxe5 16. fxe5 Nc7 17. Bg5 Qe8 18. a4 h6 19. Be3 g5 20. Nb5 Bxb5 21. axb5 Qh5 22. Rf1 Ra8 23. Rac1 Rac8 24. Qd3 Qe8 25. Nd2 Rxf1+ 26. Bxf1 Nf8 27. Rc6 Na8 28. Qc2 Rxc6 29. bxc6 Nc7 30. b4 a6 31. Bd3 Qa8 32. Nb3 Kf7 33. h4 gxh4 34. gxh4 Ke7 35. Qg2 Kf7 36. Qc2 Kg8 37. Nd2 Qe8 38. Nf3 Qh5 39. Kf2 Qg4 40. Qc1 h5 41. Qg1 Qxg1+ 42. Nxg1 Kf7 43. Ne2 Ng6 44. Kg3 Ne7 45. Bg5 Nxc6 46. Nf4 Nxd4 47. Bg6+ Kg8 48. Bf6 Bxf6 49. exf6 Nf5+ 50. Kh3 Nd6 51. Nxh5 a5 52. bxa5 bxa5 53. Nf4 a4 54. h5 a3 55. Bb1 Ncb5 56. h6 Nc3 57. Bc2 a2 58. Nxe6 a1=Q 59. h7+ Kh8 60. Ng5 1-0


[Site "https://www.chess.com"]

[Event "Titled Tuesday Blitz January 04 2022"]
[White "Pranav, V"]
[Black "Tregubov, Pavel V."]
[WhiteFideId "25060783"]
[BlackFideId "4115341"]
[WhiteElo "2349"]
[BlackElo "2341"]
[Result "1-0"]
[Round "10"]
[TimeControl "180+1"]
[Date "2022.01.04"]
[WhiteClock "0:02:37"]
[BlackClock "0:02:11"]

1. e4 e5 2. Nf3 Nf6 3. Nxe5 d6 4. Nf3 Nxe4 5. Bd3 d5 6. Qe2 Be7 7. Bxe4 dxe4 8. Qxe4 O-O 9. O-O Re8 10. d4 Bf6 11. Qd3 Bg4 12. h3 Bxf3 13. Qxf3 Nc6 14. c3 Qd7 15. Nd2 Qe6 16. d5 1-0


[Site "https://www.chess.com"]

[Event "Titled Tuesday Blitz January 04 2022"]
[White "Ronka, Erik"]
[Black "Tanenbaum, Zachary"]
[WhiteFideId "505080"]
[BlackFideId "2060850"]
[WhiteElo "2264"]
[BlackElo "2168"]
[Result "0-1"]
[Round "10"]
[TimeControl "180+1"]
[Date "2022.01.04"]
[WhiteClock "0:00:09"]
[BlackClock "0:01:39"]

1. d4 d5 2. Nf3 Bf5 3. g3 e6 4. Bg2 c6 5. c4 Nd7 6. Nc3 Ngf6 7. Qb3 Qb6 8. c5 Qc7 9. Bf4 Qc8 10. Nh4 Be4 11. Nxe4 dxe4 12. Bf1 h6 13. Ng2 Nd5 14. Qc2 f5 15. f3 exf3 16. exf3 g5 17. Bd2 Bg7 18. h4 Qc7 19. O-O-O Qxg3 20. hxg5 hxg5 21. Rxh8+ Bxh8 22. Ne1 Bxd4 23. Nd3 O-O-O 24. Be2 Be3 25. Qa4 Bxd2+ 26. Rxd2 Nxc5 27. Nxc5 Qg1+ 28. Bd1 Qxc5+ 29. Kb1 Nc3+ 0-1


[Site "https://www.chess.com"]

[Event "Titled Tuesday Blitz January 04 2022"]
[White "Sarana, Alexey"]
[Black "Sjugirov, Sanan"]
[WhiteFideId "24133795"]
[BlackFideId "4189302"]
[WhiteElo "2665"]
[BlackElo "2602"]
[Result "1-0"]
[Round "10"]
[TimeControl "180+1"]
[Date "2022.01.04"]
[WhiteClock "0:00:25"]
[BlackClock "0:00:06"]

1. d4 d5 2. c4 e6 3. Nc3 Nf6 4. cxd5 exd5 5. Bg5 c6 6. e3 h6 7. Bh4 Be7 8. Bd3 O-O 9. Nge2 Re8 10. O-O Nbd7 11. Qc2 Nf8 12. f3 Ne6 13. Bf2 b5 14. Rad1 a6 15. Ng3 Bb7 16. h3 c5 17. dxc5 Bxc5 18. Nf5 Rc8 19. Qd2 Bf8 20. Ne2 g6 21. Nfd4 Nc5 22. Bb1 Bg7 23. Nf4 Ncd7 24. b3 Ne5 25. Rfe1 Qe7 26. Bg3 Qd7 27. Qa5 Nc6 28. Qd2 Nxd4 29. exd4 Rxe1+ 30. Rxe1 Re8 31. Rc1 Rc8 32. Nd3 Rxc1+ 33. Qxc1 Qe7 34. Be5 Nh5 35. Qc5 Qh4 36. Qc7 Bxe5 37. dxe5 Nf4 38. e6 Nxe6 39. Qxb7 Qd4+ 40. Kh2 Qa1 41. Qc8+ Kg7 42. Qc1 Qf6 43. Qb2 d4 44. Qd2 Qd8 45. Qf2 h5 46. Qg3 Kf8 47. Qe5 Qc8 48. Qh8+ 1-0


[Site "https://www.chess.com"]

[Event "Titled Tuesday Blitz January 04 2022"]
[White "Saveljev, Vladislav"]
[Black "Azadaliyev, Jahandar"]
[WhiteFideId "4128494"]
[BlackFideId "13425811"]
[WhiteElo "2331"]
[BlackElo "1795"]
[Result "0-1"]
[Round "10"]
[TimeControl "180+1"]
[Date "2022.01.04"]
[WhiteClock "0:00:02"]
[BlackClock "0:00:42"]

1. e4 c6 2. d4 d5 3. exd5 cxd5 4. Bd3 Nc6 5. c3 Nf6 6. h3 g6 7. Nf3 Bg7 8. O-O O-O 9. Bg5 Bf5 10. Bxf5 gxf5 11. Bxf6 Bxf6 12. Qd3 e6 13. Nbd2 Kh8 14. Kh1 Rg8 15. Rg1 Qd6 16. Rae1 Rg6 17. Qe3 Rag8 18. Ne5 Bxe5 19. dxe5 Qd7 20. Nf3 Qe7 21. Nd4 Na5 22. b3 Qh4 23. Rc1 b6 24. Rcd1 Nb7 25. Nf3 Qe7 26. Rd4 Nc5 27. Nh4 Rg5 28. Nf3 Rh5 29. c4 dxc4 30. Rxc4 Ne4 31. Rgc1 Qf8 32. Rc8 Qxc8 33. Rxc8 Rxc8 34. Kh2 Rc2 35. Qd3 Rxf2 36. Qd8+ Kg7 37. Qe7 h6 38. h4 Ng5 39. Qf6+ Kg8 40. Qd8+ Kh7 0-1


[Site "https://www.chess.com"]

[Event "Titled Tuesday Blitz January 04 2022"]
[White "Senthil Maran K"]
[Black "Terry, Renato"]
[WhiteFideId "25035681"]
[BlackFideId "3803457"]
[WhiteElo "2194"]
[BlackElo "2577"]
[Result "0-1"]
[Round "10"]
[TimeControl "180+1"]
[Date "2022.01.04"]
[WhiteClock "0:00:03"]
[BlackClock "0:01:44"]

1. d4 d5 2. Nf3 Nf6 3. g3 c6 4. c4 dxc4 5. Bg2 g6 6. a4 Bg7 7. Ne5 Be6 8. Na3 Nbd7 9. Naxc4 Nxe5 10. Nxe5 Ng4 11. Nxg4 Bxg4 12. Be3 Qa5+ 13. Qd2 Qxd2+ 14. Kxd2 O-O-O 15. Rhd1 Bxd4 16. Bxd4 Rxd4+ 17. Kc3 Rxd1 18. Rxd1 Rd8 19. Rxd8+ Kxd8 20. e3 Kc7 21. b4 b6 22. a5 Kd6 23. axb6 axb6 24. Kd4 e5+ 25. Kc3 Be6 26. f4 c5 27. Bf1 Bd5 28. Bd3 h6 29. Be2 Ke6 30. Bg4+ Kf6 31. Bh3 g5 32. Bg4 gxf4 33. gxf4 exf4 34. exf4 Be6 35. h3 Bxg4 36. hxg4 Ke6 37. bxc5 bxc5 38. Kc4 Kd6 39. Kc3 Kd5 40. Kd3 c4+ 41. Ke3 f6 42. Kf3 Kd4 43. Ke2 Ke4 44. g5 fxg5 45. fxg5 hxg5 46. Kd2 g4 0-1


[Site "https://www.chess.com"]

[Event "Titled Tuesday Blitz January 04 2022"]
[White "Seo, Jung Min"]
[Black "Narayanan.S.L"]
[WhiteFideId "1734687"]
[BlackFideId "5058422"]
[WhiteElo "2401"]
[BlackElo "2494"]
[Result "1-0"]
[Round "10"]
[TimeControl "180+1"]
[Date "2022.01.04"]
[WhiteClock "0:00:18"]
[BlackClock "0:00:09"]

1. d4 Nf6 2. c4 g6 3. Nf3 Bg7 4. Nc3 O-O 5. g3 d6 6. Bg2 Nbd7 7. O-O e5 8. b3 Re8 9. Bb2 e4 10. Ne1 e3 11. fxe3 Ng4 12. Nc2 c6 13. Qd3 Qg5 14. e4 Qe7 15. Rf4 Ngf6 16. Raf1 a5 17. a3 b6 18. e3 Bb7 19. b4 axb4 20. axb4 Rf8 21. b5 c5 22. Nd5 Bxd5 23. exd5 Bh6 24. R4f3 cxd4 25. exd4 Rfe8 26. Nb4 Qe2 27. Qxe2 Rxe2 28. Bc3 Ra3 29. Re1 Rxe1+ 30. Bxe1 Ra1 31. Rf1 Rc1 32. Nc6 Rxc4 33. Bb4 Ng4 34. h3 Ne3 35. Re1 Rc2 36. Bf3 Nf6 37. Bxd6 Nfxd5 38. Bxd5 Nxd5 39. Re8+ Kg7 40. Bf8+ Kf6 41. Bxh6 g5 42. Re5 Nc3 43. Bxg5+ Kg7 44. Bf4 f6 45. Re7+ Kg6 46. Kf1 Nxb5 47. d5 Nc3 48. d6 Nd5 49. d7 Rxc6 50. d8=Q Nxe7 51. Qxe7 1-0


[Site "https://www.chess.com"]

[Event "Titled Tuesday Blitz January 04 2022"]
[White "Suarez Uriel, Adrian"]
[Black "Shkapenko, Pavel"]
[WhiteFideId "22230874"]
[BlackFideId "4151933"]
[WhiteElo "2316"]
[BlackElo "2386"]
[Result "0-1"]
[Round "10"]
[TimeControl "180+1"]
[Date "2022.01.04"]
[WhiteClock "0:00:01"]
[BlackClock "0:00:06"]

1. e4 e5 2. Nf3 Nc6 3. Bb5 Bc5 4. O-O d6 5. c3 Bd7 6. d4 Bb6 7. d5 Nb8 8. Bxd7+ Nxd7 9. c4 Ngf6 10. Nc3 Ba5 11. Re1 Bxc3 12. bxc3 Nc5 13. Qc2 O-O 14. Ba3 Nfd7 15. Nd2 b6 16. Nb3 Nb7 17. Bc1 a5 18. Be3 a4 19. Nc1 Ndc5 20. Nd3 Nxe4 21. Nxe5 dxe5 22. Qxe4 Qd6 23. f4 Rae8 24. f5 f6 25. Red1 Nc5 26. Bxc5 Qxc5+ 27. Kh1 Rd8 28. Rab1 Rd6 29. Rb5 Qa3 30. Qc2 Ra8 31. Rb4 Ra5 32. h4 h6 33. Kh2 Kh8 34. Rd3 Ra8 35. Qd2 Rad8 36. Rg3 R6d7 37. Rb5 Qe7 38. Qc2 Ra8 39. c5 bxc5 40. c4 e4 41. Rb1 Qe5 42. Re1 Re7 43. Rf1 e3 44. Qe2 Rb8 45. Rf3 Rb2 46. Qxe3 Qd6 47. Qa3 Ree2 48. Kh3 Rb1 49. Re3 Kh7 50. Rxe2 h5 51. Re6 Rh1# 0-1


[Site "https://www.chess.com"]